 Dungeon Crawl Stone Soup version 0.29-a0-2-g12fcac58f8 (webtiles) character file.

Game seed: 10526914108188052211

14 Orangeyouglad the Skirmisher (level 2, -4/24 HPs)
             Began as a Human Cinder Acolyte on Jan 26, 2022.
             Was a High Priest of Ignis.
             Succumbed to a kobold's poison
             ... on level 1 of the Dungeon.
             The game lasted 00:02:10 (339 turns).

Orangeyouglad the Skirmisher (Human Cinder Acolyte)  Turns: 339, Time: 00:02:11

Health: -4/24      AC:  9    Str: 14    XL:     2   Next: 60%
Magic:  3/3        EV: 11    Int: 14    God:    Ignis [*****.]
Gold:   26         SH:  0    Dex:  8    Spells: 3/3 levels left

rFire   + . .      SeeInvis .   a - -1 falchion (flame)
rCold   . . .      Faith    .   (no shield)
rNeg    . . .      Spirit   .   b - +0 robe
rPois   .          Reflect  .   (no helmet)
rElec   .          Harm     .   (no cloak)
rCorr   .          Rampage  .   (no gloves)
Will    .....                   (no boots)
Stlth   +.........              (no amulet)
HPRegen 0.08/turn               (no ring)
MPRegen 0.08/turn               (no ring)

@: lethally poisoned (-4 -> -24), fiery-armoured
A: no striking features
a: Renounce Religion, Fiery Armour, Foxfire Swarm, Rising Flame


You were on level 1 of the Dungeon.
You worshipped Ignis.
Ignis was extremely pleased with you.
You visited 1 branch of the dungeon, and saw 1 of its levels.

You collected 26 gold pieces.

Inventory:

Hand Weapons
 a - a -1 falchion of flaming (weapon)
Armour
 b - a +0 robe (worn)


   Skills:
 + Level 3.2 Fighting
 - Level 3.0 Long Blades
 + Level 0.6 Dodging
 + Level 1.3 Spellcasting
 + Level 3.2 Fire Magic


You had 3 spell levels left.
You didn't know any spells.
Your spell library contained the following spells:

 Spells                   Type           Power      Damage    Failure   Level
 Scorch                   Fire           18%        2d6       11%         2


Dungeon Overview and Level Annotations

Branches:
Dungeon (1/15)

Altars:


Message History

You see here a hobgoblin corpse.
A ball python comes into view.
A goblin comes into view. It is wielding a +0 dagger.
The ball python hisses angrily.
The ball python barely misses you. The ball python closely misses you.
The kobold throws a stone.
The stone closely misses you. The ball python bites you.
The ball python barely misses you.
You hit the ball python. You burn the ball python.
You kill the ball python!
The kobold hits you with a +0 dagger of venom.
You are poisoned.
You closely miss the kobold.
You feel sick.
A goblin comes into view. It is wielding a +0 club.
The kobold misses you.
You closely miss the kobold.
You feel sick.
The kobold hits you with a +0 dagger of venom.
You are more poisoned.
Okay, then.
Unknown command.
A protective cloak of flame settles atop you.
You feel very sick.
The goblin shouts!
The kobold hits you with a +0 dagger of venom.
You are more poisoned.
The kobold is burned by your cloak of flames.
The kobold is severely wounded.
The goblin closely misses you.
You slash the goblin! You burn the goblin.
You kill the goblin!
* * * LOW HITPOINT WARNING * * *
You feel very sick. The kobold hits you but does no damage.
You are more poisoned.
The kobold is burned by your cloak of flames.
You kill the kobold!
You don't know any spells.
You aren't carrying any potions.
* * * LOW HITPOINT WARNING * * *
You feel very sick.
You die...

#####
#######[....####....
###...###..†.#....
#######.......#.##......
#.............#.###.....
#....≈≈≈..(...#.# #.#.##
##....≈(≈......#.###...÷.
......≈≈≈......#..##.....
.#...g.........†.........
......).@.†....#......÷..
......)..#######....÷#.##
##.......# ......#...#.##
.......... .l....#>.....#
#.##...##.#.#######.#.#.#
# ..... .. ......#....
...... ... ...........
###..# ...# ######.#...
#.###.


You could see a goblin.

Vanquished Creatures
  An endoplasm (D:1)
  A giant cockroach (D:1)
  A goblin (D:1)
  2 hobgoblins (D:1)
  3 quokkas (D:1)
  3 ball pythons (D:1)
  A frilled lizard (D:1)
  A kobold (D:1)
13 creatures vanquished.

Notes
Turn   | Place    | Note
-------+----------+-------------------------------------------
     0 | D:1      | Orangeyouglad the Human Cinder Acolyte began the quest for
                  | the Orb.
     0 | D:1      | Reached XP level 1. HP: 18/18 MP: 2/2
   108 | D:1      | Reached XP level 2. HP: 19/24 MP: 3/3
   338 | D:1      | HP: 1/24 [poisoned by a kobold]
   339 | D:1      | Succumbed to a kobold's poison

Illustrated notes

Levels and vault maps discovered:
D:1:      dpeg_arrival_simpleton_c, layout_rooms,
          corexii_item_surrounded_by_moat

Action                   || total
-------------------------++-------
Melee: Falchion          ||    41
       Punch             ||     1
Invok: Fiery Armour      ||     1
Armor: Robe              ||     7
Dodge: Dodged            ||    42

Table legend: (Time is in decaauts)
 A = Elapsed time spent in this place.
 B = Non-inter-level travel time spent in this place.
 C = Inter-level travel time spent in this place.
 D = Time resting spent in this place.
 E = Time spent auto-exploring this place.
 F = Levels seen in this place.
 G = Mean time per level.
                   A        B        C        D        E       F      G
               +--------+--------+--------+--------+--------+-----+--------+
         Total |    345 |    345 |      0 |      0 |    240 |   1 |  345.0 |
       Dungeon |    345 |    345 |      0 |      0 |    240 |   1 |  345.0 |
               +--------+--------+--------+--------+--------+-----+--------+

Top non-repeatable levels by time:
     D:1: 345 daAuts
